 Dungeon Crawl Stone Soup version 0.31-a0-940-gdaa99269f9 (webtiles) character file.

Game seed: 7787195400149853786

13 kae the Vexing (level 2, 0/19 HPs)
             Began as a Demonspawn Enchanter on Oct 20, 2023.
             Slain by a frilled lizard (1 damage)
             ... on level 1 of the Dungeon.
             The game lasted 00:00:24 (1083 turns).

kae the Vexing (Demonspawn Enchanter)               Turns: 1083, Time: 00:00:25

Health: 0/19       AC:  2    Str:  8    XL:     2   Next: 24%
Magic:  1/5        EV: 12    Int: 16    God:
Gold:   37         SH:  0    Dex: 13    Spells: 3/5 levels left

rFire   . . .        a - +1 dagger
rCold   . . .        (no shield)
rNeg    . . .        b - +0 robe
rPois   .            (no helmet)
rElec   .            (no cloak)
rCorr   .            (no gloves)
SInv    .            (no boots)
Will    .....        (no amulet)
Stlth   ++           (no ring)
HPRegen 0.23/turn    (no ring)
MPRegen 0.09/turn

%: no passive effects
@: no status effects
A: hooves 1
a: no special abilities


You were on level 1 of the Dungeon.
You visited 1 branch of the dungeon, and saw 2 of its levels.

You collected 37 gold pieces.


Innate Abilities, Weirdness & Mutations

You have large cloven feet.


   Skills:
 * Level 1.3 Short Blades
 - Level 1.7 Dodging
 + Level 2.8 Stealth
 + Level 2.1 Spellcasting
 * Level 3.2 Hexes
 + Level 0.0 Ice Magic


You had 3 spell levels left.
You knew the following spells:

 Your Spells              Type           Power      Damage    Failure   Level
a - Ensorcelled Hibernat  Hex/Ice        14%        N/A       16%         2

Your spell library contained the following spells:

 Spells                   Type           Power      Damage    Failure   Level
 Confusing Touch          Hex            12%        N/A       16%         3
 Tukima's Dance           Hex            12%        N/A       16%         3
 Dazzling Flash           Conj/Hex       12%        N/A       30%         3

Inventory:

Hand Weapons
 a - a +1 dagger (weapon)
Missiles
 f - 5 stones
 h - 5 poisoned darts
 i - 4 boomerangs
Armour
 b - a +0 robe (worn)
Potions
 c - 2 potions of invisibility
 d - 2 potions of curing {unknown}
 e - a potion of cancellation {unknown}
 g - 2 potions of mutation {unknown}

Dungeon Overview and Level Annotations

Branches:
Dungeon (2/15) Zot: 10917

Altars:

#...........#.#..# #..#
#.#########.#.#### #..#
#.#.......#.#.#..# #..#
#.#.#####.#.#.#..# #..#
#.#.........#.#..######..##
#.#######.###.#...........#
#.............##.######.###
.................># #.#
..........#.....@l# #.#
.################.# #.#
.'................# #.#
.################.# #.# ##
######## #.# #.# ###
#......# #.# #.#
..####......# #.# #.#
............# #.#####.#
............# #.......#


You could see a frilled lizard.


Message History

A giant cockroach comes into view.
There are monsters nearby!
You barely miss the frilled lizard. You barely miss the giant cockroach.
You kick the giant cockroach, but do no damage.
The frilled lizard closely misses you. The giant cockroach closely misses you.
A jackal comes into view.
There are monsters nearby!
The jackal barks!
You hit the giant cockroach. Your kick misses the giant cockroach.
The frilled lizard bites you. The giant cockroach misses you.
You hit the giant cockroach.
You kill the giant cockroach!
A bat comes into view.
The frilled lizard closely misses you.
A jackal comes into view.
The bat moves out of view. 😕 HP[-1]
You take 1 damage, and now have 18/19 hp.
There are monsters nearby!
You closely miss the frilled lizard.
The jackal barks!
Your kick misses the frilled lizard. The frilled lizard misses you.
You hit the frilled lizard. The frilled lizard bites you. 😕 HP[-2]
You take 2 damage, and now have 16/19 hp.
The jackal bites you but does no damage.
The jackal attacks as it pursues you!
The jackal bites you but does no damage.
There is a stone staircase leading up here. 😕 HP[+1]
The jackal bites you. The frilled lizard misses you.
The jackal barely misses you.
You climb upwards.
There is a stone staircase leading down here. 😕 HP[-2]
You take 2 damage, and now have 15/19 hp.
You barely miss the jackal. Your kick misses the jackal.
The frilled lizard closely misses you. The jackal barely misses you.
You miss the jackal.
The frilled lizard bites you but does no damage.
The jackal misses you. 😕 HP[+1]
You barely miss the jackal. You kick the jackal, but do no damage.
The jackal bites you. The frilled lizard barely misses you.
You barely miss the jackal. Your kick misses the jackal. The jackal misses you.
The frilled lizard closely misses you. The jackal bites you. 😮 HP[-2]
You take 2 damage, and now have 14/19 hp.
You barely miss the jackal. You kick the jackal, but do no damage.
The jackal closely misses you. The frilled lizard barely misses you.
You hit the jackal. The jackal bites you.
The frilled lizard bites you. 😮 HP[-4]
You take 4 damage, and now have 10/19 hp.
MASSIVE DAMAGE!! (PAUSE)
You hit the jackal but do no damage. The jackal barely misses you.
The frilled lizard bites you.
* * * LOW HITPOINT WARNING * * *
The jackal bites you.
* * * LOW HITPOINT WARNING * * *
😨 HP[-2]
You take 2 damage, and now have 8/19 hp.
You closely miss the jackal. The jackal bites you.
* * * LOW HITPOINT WARNING * * *
The frilled lizard bites you.
* * * LOW HITPOINT WARNING * * *
😨 HP[-3]
You take 3 damage, and now have 5/19 hp.
You barely miss the jackal. You kick the jackal. The jackal misses you.
The frilled lizard bites you.
* * * LOW HITPOINT WARNING * * *
😱 HP[-2]
You take 2 damage, and now have 3/19 hp.
You barely miss the jackal. You kick the jackal.
You kill the jackal!
The frilled lizard bites you.
* * * LOW HITPOINT WARNING * * *
😱 HP[-2]
You take 2 damage, and now have 1/19 hp.
The frilled lizard bites you.
* * * LOW HITPOINT WARNING * * *
You see here a jackal corpse.
Unknown command.
Casting: Ensorcelled Hibernation (safe; 16% risk of failure)
Confirm with . or Enter, or press ? or * to list all spells.
Aiming: Ensorcelled Hibernation (safe; 16% risk of failure)
Press: ? - help, Shift-Dir - straight line, f - frilled lizard
Aim: a frilled lizard (chance to affect: 58%)
The frilled lizard resists with significant effort.
The frilled lizard barely misses you. 😱 MP[-2]
You lost 2 mp, and now have 3/5 mp.
Casting: Ensorcelled Hibernation (safe; 16% risk of failure)
Confirm with . or Enter, or press ? or * to list all spells.
Aiming: Ensorcelled Hibernation (safe; 16% risk of failure)
Press: ? - help, Shift-Dir - straight line, f/p - frilled lizard
Aim: a frilled lizard (chance to affect: 58%)
The frilled lizard resists with significant effort.
The frilled lizard bites you.
You die...

Skill      XL: |  1 |
---------------+----+-----
Short Blades   | 1 |  1.3
Dodging        | |  1.7
Stealth        | |  2.8
Spellcasting   | |  2.1
Hexes          | |  3.2

Action                     || total
---------------------------++-------
  Melee: Dagger            ||    47
         Kick              ||     6
   Cast: Ensorcelled Hiber ||     3
   Stab: Sleeping          ||     2
 Armour: Robe              ||    38
  Dodge: Dodged            ||    41

Levels and vault maps discovered:
D:1:      minmay_arrival_plants_in_alcoves, layout_basic
D:2:      layout_rooms, serial_shops, nicolae_shop_behind_doors,
          kennysheep_decorative_pillar, minmay_goblin_outpost

Notes
Turn   | Place    | Note
-------+----------+-------------------------------------------
     0 | D:1      | kae the Demonspawn Enchanter began the quest for the Orb.
     0 | D:1      | Reached XP level 1. HP: 13/13 MP: 3/3
     0 | D:1      | magus.rc [v1.11.3]
    82 | D:1      | Reached skill level 1 in Short Blades
   267 | D:1      | Gained mutation: You have large cloven feet. [demonic
                  | ancestry]
   267 | D:1      | Reached XP level 2. HP: 17/19 MP: 5/5
   293 | D:1      | Learned a level 2 spell: Ensorcelled Hibernation
  1079 | D:1      | HP: 3/19 [frilled lizard (2)]
  1080 | D:1      | HP: 1/19 [frilled lizard (2)]
  1083 | D:1      | Slain by a frilled lizard

Vanquished Creatures
  A dart slug (D:1)
  A ball python (D:1)
  A giant cockroach (D:2)
  A hobgoblin (D:1)
  3 jackals (D:1)
  A quokka (D:1)
  A kobold (D:1)
9 creatures vanquished.

Table legend:
 A = Non-vault XP
 B = Vault XP
 C = Vault XP percentage of total XP
 D = Non-vault monster count
 E = Vault monster count
 F = Vault count percentage of total count
                 A         B        C        D         E       F
            +---------+---------+-------+---------+---------+-------
      Total |      19 |       0 |   0.0 |       9 |       0 |   0.0
            +---------+---------+-------+---------+---------+-------
        D:1 |      17 |       0 |   0.0 |       8 |       0 |   0.0
        D:2 |       2 |       0 |   0.0 |       1 |       0 |   0.0
            +---------+---------+-------+---------+---------+-------

Skill      XL: |  1 |
---------------+----+-----
Short Blades   | 1 |  1.3
Dodging        | |  1.7
Stealth        | |  2.8
Spellcasting   | |  2.1
Hexes          | |  3.2

Action                     || total
---------------------------++-------
  Melee: Dagger            ||    47
         Kick              ||     6
   Cast: Ensorcelled Hiber ||     3
   Stab: Sleeping          ||     2
 Armour: Robe              ||    38
  Dodge: Dodged            ||    41

Illustrated notes

Table legend:
 A = Kills in this place as a percentage of kills in the entire game.
 B = Kills by you in this place as a percentage of kills by you in the entire game.
 C = Kills by friends in this place as a percentage of kills by friends in the entire game.
 D = Other kills in this place as a percentage of other kills in the entire game.
 E = Experience gained in this place as a percentage of experience gained in the entire game.
 F = Experience gained in this place divided by the number of levels of this place that you have seen.
                   A       B       C       D       E      F
               +-------+-------+-------+-------+-------+----------------------
         Total | 100.0 | 100.0 |   N/A |   N/A | 100.0 |   9.5
       Dungeon | 100.0 | 100.0 |   N/A |   N/A | 100.0 |   9.5
               +-------+-------+-------+-------+-------+----------------------

Table legend: (Time is in decaauts)
 A = Elapsed time spent in this place.
 B = Non-inter-level travel time spent in this place.
 C = Inter-level travel time spent in this place.
 D = Time resting spent in this place.
 E = Time spent auto-exploring this place.
 F = Levels seen in this place.
 G = Mean time per level.
                   A        B        C        D        E       F      G
               +--------+--------+--------+--------+--------+-----+--------+
         Total |   1081 |   1066 |     15 |      0 |    964 |   2 |  540.5 |
       Dungeon |   1081 |   1066 |     15 |      0 |    964 |   2 |  540.5 |
               +--------+--------+--------+--------+--------+-----+--------+

Top non-repeatable levels by time:
     D:1: 1069 daAuts
     D:2: 11 daAuts
